 Dungeon Crawl Stone Soup version 0.16-a0-4123-g49b462e (webtiles) character file.

482949 Chiseanne the Severer (level 23, -19/188 HPs)
             Began as a Mummy Monk on Feb 26, 2015.
             Was an Initiate of Gozag.
             Blown up by an ancient lich (86 damage)
             ... with an orb of destruction
             ... on level 4 of the Depths on Mar 2, 2015.
             The game lasted 05:45:31 (66163 turns).

Chiseanne the Severer (Mummy Monk)                 Turns: 66163, Time: 05:45:31

Health: -19/188    AC: 25    Str: 21    XL:     23   Next: 74%
Magic:  38/38      EV: 26    Int:  6    God:    Gozag
Gold:   716        SH: 23    Dex: 24    Spells: 3 memorised, 17 levels left

rFire  + . .     SeeInvis +     r - +2 rod of destruction (2/10)
rCold  + + .     Clarity  .     E - +5 ring mail of Anikerot {rElec rF+ rN+ MR+ Dex+2}
rNeg   + + +     SustAb   .     U - +1 large shield of Unambiguity {+Fly rElec MR+ Int-2}
rPois  ∞         Gourm    .     J - +2 helmet {SInv}
rElec  +         Spirit   .     D - +0 cloak of Starlight {rElec rC+ EV+4 Stlth-}
rCorr  .         Warding  .     z - +3 pair of gauntlets of War {Slay+5}
rMut   .         Stasis   .     v - +2 pair of boots {run}
MR     ++...                    S - amulet of regeneration
Stlth  +.........               K - ring of protection from fire
                                o - ring "Peaqoch" {Wiz Dex+7}

@: vulnerable, quick, very resistant to hostile enchantments, very unstealthy
A: no food or potions, fire vulnerability, in touch with death, restore body,
cold resistance 1, negative energy resistance 3, poison resistance, torment
resistance, unbreathing
a: Self-Restoration, Potion Petition, Call Merchant, Bribe Branch, Renounce
Religion, Evoke Flight
}: 2/15 runes: serpentine, barnacled


You were on level 4 of the Depths.
You worshipped Gozag.
Gozag was noncommittal.
You were not hungry.

You visited 10 branches of the dungeon, and saw 51 of its levels.
You also visited: Ice Cave.

You collected 26600 gold pieces.
You spent 11934 gold pieces at shops.
You paid 13950 gold pieces to Gozag.

Inventory:

Hand weapons
 a - a +8 broad axe of draining
 d - a +1 broad axe of electrocution
 f - the +9 trident of Slow Death {elec, rN+ Int+2}
   (You took it off a deep elf death mage on level 3 of the Elven Halls)

   Occasionally, upon striking a foe, it will discharge some electrical energy
   and cause terrible harm.
   It affects your intelligence (+2).
   It protects you from negative energy.
 p - the +7 great mace "Firestarter" {flame, inner flame, rF++}
   (You found it on level 5 of the Shoals)

   It has been specially enchanted to burn those struck by it, causing extra
   injury to most foes and up to half again as much damage against particularly
   susceptible opponents.
   It greatly protects you from fire.
 s - a +0 war axe of flaming
Missiles
 C - 2 throwing nets (quivered)
Armour
 v - a +2 pair of boots of running (worn)
 z - the +3 pair of gauntlets of War (worn) {Slay+5}
   (You bought it in a shop on level 2 of the Snake Pit)

   It affects your accuracy and damage with ranged weapons and melee attacks
   (+5).
 D - the +0 cloak of Starlight (worn) {rElec rC+ EV+4 Stlth-}
   (You found it on level 6 of the Dungeon)

   It affects your evasion (+4).
   It protects you from cold.
   It insulates you from electricity.
   It makes you less stealthy.
 E - the +5 ring mail of Anikerot (worn) {rElec rF+ rN+ MR+ Dex+2}
   (You found it on level 8 of the Dungeon)

   It affects your dexterity (+2).
   It protects you from fire.
   It insulates you from electricity.
   It protects you from negative energy.
   It affects your resistance to hostile enchantments.
 J - a +2 helmet of see invisible (worn)
 U - the +1 large shield of Unambiguity (worn) {+Fly rElec MR+ Int-2}
   (You took it off a wizard on level 2 of the Depths)

   It affects your intelligence (-2).
   It insulates you from electricity.
   It affects your resistance to hostile enchantments.
   It lets you fly.
Rods
 b - a +9 rod of shadows (7/16)
   (You bought it in a shop on level 2 of the Shoals)
 e - a +6 rod of clouds (5/17)
   (You bought it in a shop on level 2 of the Depths)
 m - a +2 rod of ignition (3/9)
   (You took it off a vampire knight on level 3 of the Depths)
 q - a +6 lightning rod (17/17)
   (You bought it in a shop on level 2 of the Depths)
 r - a +2 rod of destruction (2/10) (weapon)
   (You bought it in a shop on level 2 of the Depths)
 w - a +1 rod of the swarm (6/14)
   (You took it off a frost giant on level 1 of the Depths)
Jewellery
 o - the ring "Peaqoch" (left hand) {Wiz Dex+7}
   (You bought it in a shop on level 2 of the Vaults)

   [ring of wizardry]

   It improves your spell success rate.
   It affects your dexterity (+7).
 y - an uncursed amulet of clarity
 B - an uncursed ring of teleportation
 F - the amulet of Vitality {Regen+ HP+15}
   (You bought it in a shop on level 4 of the Depths)

   [amulet of regeneration]

   It affects your health (+15).
   It increases your rate of regeneration.
 K - a ring of protection from fire (right hand)
 S - an amulet of regeneration (around neck)
Magical devices
 h - a wand of digging (7)
 l - a wand of lightning (0)
 H - a wand of heal wounds (5)
Scrolls
 g - a scroll of recharging
 i - 20 scrolls of remove curse
 j - 3 scrolls of silence
 k - 42 scrolls of identify
 A - 13 scrolls of teleportation
 G - a scroll of enchant weapon
 L - 4 scrolls of blinking
 M - 4 scrolls of magic mapping
 N - 5 scrolls of fear
 P - 2 scrolls of summoning
 Q - 7 scrolls of fog
Books
 t - a book of Dreams

   Spells                             Type                      Level
   a - Ensorcelled Hibernation        Hexes/Ice                    2
   b - Flight                         Charms/Air                   3
   c - Phase Shift                    Translocation                5
   d - Shadow Creatures               Summoning                    5
   e - Mass Confusion                 Hexes                        6
   f - Darkness                       Hexes                        7
Miscellaneous
 c - a phial of floods
 n - a lamp of fire
 u - a sack of spiders
 x - a phantom mirror
 I - a plain deck of escape {the Alchemist, drawn: 1}
 O - a fan of gales
 Z - a stone of tremors


   Skills:
 * Level 17.2 Fighting
   Level 5.0 Long Blades
 - Level 18.0 Axes
 * Level 10.8 Armour
 * Level 12.1 Dodging
 - Level 1.5 Stealth
 * Level 16.8 Shields
 - Level 3.2 Unarmed Combat
 * Level 17.5 Evocations


You had 17 spell levels left.
You knew the following spells:

 Your Spells              Type           Power        Failure   Level  Hunger
a - Blink                 Tloc           N/A          95%         2    N/A
b - Repel Missiles        Chrm/Air       #.....       95%         2    N/A
c - Apportation           Tloc           #.........   86%         1    N/A

Dungeon Overview and Level Annotations

Branches:
Dungeon (15/15)            Temple (1/1) D:4            Lair (8/8) D:8
 Shoals (5/5) Lair:5        Snake (5/5) Lair:6        Slime (0/6) Lair:8
    Orc (4/4) D:10            Elf (3/3) Orc:4        Vaults (4/5) D:14
  Crypt (2/3) Vaults:2     Depths (4/5) D:15

Altars:
Ashenzari
Cheibriados
Dithmenos
Elyvilon
Fedhas
Gozag
Kikubaaqudgha
Makhleb
Nemelex Xobeh
Okawaru
Qazlal
Ru
Sif Muna
Trog
Vehumet
Xom
Yredelemnul
Zin
The Shining One

Shops:
D:10 }   D:11 [   D:14 (   D:15 *   Orc:1 %   Orc:4 [=*[(   Elf:1 =(   Elf:2 :
Elf:3 =   Shoals:2 }   Snake:2 *   Vaults:2 =   Vaults:3 ([   Vaults:4 =
Depths:1 :!=*%(   Depths:2 }   Depths:4 =   Depths:5 [

Portals:
Hell: Depths:1 Depths:2 Depths:3 Depths:4
Abyss: Depths:2 Depths:4
Pandemonium: Depths:3
Ziggurat: Depths:3

Annotations:
D:8 exclusion: oklob plant
Lair:2 exclusion: downstairs
Lair:4 exclusion: 4 oklob plants
Lair:8 exclusion: 3 oklob plants
Snake:4 exclusion: Roxanne, Roxanne
Vaults:4 Mennas
Depths:2 8 runed doors


Innate Abilities, Weirdness & Mutations

You do not eat or drink.
Your flesh is vulnerable to fire.
You are in touch with the powers of death.
You can restore your body by infusing magical energy.
Your flesh is cold resistant.
You are immune to negative energy.
Your system is resistant to poisons.
You are immune to unholy pain and torment.
You can survive without breathing.


Message History

Press: ? - help, Shift-Dir - straight line, f - ancient lich, p - phantom
Aim: an ancient lich (moderately damaged)
The crystal bolt burns the ancient lich.
The ancient lich resists.
The ancient lich is heavily damaged.
The ancient lich launches a ball of destructive magic.
Aiming: Random Bolt
Press: ? - help, Shift-Dir - straight line, f/p - ancient lich
Aim: an ancient lich (heavily damaged)
You hear a mighty clap of thunder!
The bolt of lightning hits the ancient lich.
The ancient lich resists.
The ancient lich is severely damaged.
The bolt of lightning hits the Hell Sentinel.
The Hell Sentinel completely resists.
You hear a shout! x3
You hear a roar!
You hear a shout!
You hear a shout!
You hear a distant blaring wail to the south.
The phantom blinks!
The orb of destruction hits you!
You die...

.#....# #....§§§..#
.#.)..## #.#.§§§§#.#
.#.....# #...§.§§§.#
.#.....# #.W.(§§§..#
##.....## #.....§§..#
#......# #...%.§.1§#
#......# #.#...L§#.#
#......###....§§.§§#
#.......##.....@...#
##......##.........#
#......##.........#
#.......#.#.....#.#
##......#.........#
#......#.........#
######'#######......#
.............#......#
.............'......#


You could see a Hell Sentinel, an ancient lich and a phantom.

Vanquished Creatures
  Mara (Crypt:2)
  Boris (Crypt:2)
  A golden dragon (Depths:3)
  Jory (Crypt:2)
  A tentacled monstrosity (Depths:3)
  2 deep elf blademasters (Elf:3)
  A lich (Depths:4)
  Asterion (Elf:1)
  2 deep elf master archers (Elf:3)
  A kraken (Shoals:5)
  2 storm dragons
  3 ancient champions
  An octopode crusher (Shoals:4)
  Agnes (Snake:4)
  Kirke (Snake:4)
  Frances (Shoals:4)
  2 tengu reavers
  Ilsuiw (Shoals:4)
  7 frost giants
  2 revenants
  An iron dragon (Depths:4)
  2 balrugs
  12 greater nagas
  Wiglaf (Shoals:5)
  Maud (Lair:4)
  Aizul (Snake:5)
  5 fire giants
  8 vault wardens
  4 emperor scorpions
  3 deep elf sorcerers (Elf:3)
  Gastronok (Orc:2)
  2 orc warlords
  Jorgrun (Shoals:4)
  12 ironheart preservers
  A reaper (Crypt:2)
  8 very ugly things
  A spriggan defender (Depths:3)
  6 rakshasas
  2 vampire knights
  11 stone giants
  A war gargoyle (Vaults:4)
  11 deep elf annihilators
  A salamander firebrand (Depths:4)
  Azrael (Elf:2)
  6 deep elf demonologists
  4 eidola
  2 dire elephants
  8 deep elf death magi
  5 ettins
  4 merfolk javelineers
  Nessos (D:15)
  Snorg (Elf:2)
  3 jiangshi (Crypt:1)
  A green death (Depths:4)
  6 merfolk impalers
  5 great orbs of eyes
  A minotaur (Depths:2)
  7 fire dragons
  11 vault guards
  3 deep elf high priests (Elf:3)
  Fannar (Lair:4)
  6 hydras
  11 yaktaur captains
  7 ogre magi
  28 naga warriors
  3 spriggan air magi
  6 ice dragons
  A merfolk avatar (Shoals:5)
  Erica (Orc:2)
  An alligator snapping turtle (Shoals:4)
  6 anacondas
  4 centaur warriors
  A death knight (Crypt:1)
  13 deep troll earth magi
  3 merfolk aquamancers
  16 dancing weapons (Elf:2)
  2 tengu warriors
  14 deep troll shamans
  2 vampire magi (Crypt:1)
  28 death yaks
  6 orc high priests
  A titan zombie (Crypt:1)
  A spriggan berserker (Depths:2)
  Urug (D:15)
  17 naga sharpshooters (Snake:5)
  2 soul eaters
  5 iron trolls
  9 shock serpents
  Nergalle (Lair:7)
  2 sun demons (Depths:1)
  6 catoblepae
  4 hell knights (Depths:3)
  A spriggan rider (Depths:4)
  2 fire crabs
  7 shadow wraiths
  A flayed ghost (Crypt:1)
  15 skeletal warriors
  An unseen horror (shapeshifter) (Depths:4)
  23 deep elf knights
  2 salamander mystics
  An anaconda zombie (Crypt:1)
  7 sea snakes
  6 wizards
  13 naga ritualists
  10 ironbrand convokers
  11 hill giants
  An ice statue (IceCv)
  20 deep elf summoners
  An unseen horror (D:11)
  An obsidian statue (Depths:4)
  3 giant orange brains
  An anubis guard (shapeshifter) (Depths:4)
  41 deep trolls
  10 orc knights
  13 necromancers
  14 deep elf conjurers
  19 harpies
  A shadow dragon skeleton (Crypt:1)
  9 mana vipers
  2 hornets (Vaults:4)
  5 orc sorcerers
  A wolf spider (Vaults:3)
  2 salamanders (shapeshifter)
  A mana viper (shapeshifter) (Depths:4)
  22 ugly things
  5 fauns
  9 griffons
  10 sirens
  10 manticores
  2 hornets (shapeshifter)
  A frost giant zombie (Crypt:1)
  10 salamanders
  2 elephants (Lair:8)
  7 water nymphs
  6 phantasmal warriors
  2 frost giant skeletons
  A stone giant skeleton (Crypt:1)
  A cyclops (Lair:5)
  Joseph (Orc:4)
  An orange demon (Shoals:4)
  A spiny frog (shapeshifter) (Depths:2)
  4 centaur skeletons
  8 guardian serpents
  2 torpor snails
  34 black mambas
  2 molten gargoyles (Lair:7)
  13 vault sentinels
  An efreet (D:15)
  A komodo dragon (shapeshifter) (Depths:2)
  12 spiny frogs
  15 naga magi
  A death yak zombie (Crypt:2)
  8 freezing wraiths
  A demonic crawler (Elf:3)
  2 hellwings (Depths:4)
  45 yaktaurs
  11 komodo dragons
  A green draconian skeleton (Crypt:1)
  2 fire drakes
  2 jumping spiders (shapeshifter)
  2 jumping spiders
  A black draconian skeleton (Crypt:1)
  A red devil (Depths:4)
  15 deep elf priests
  A silent spectre (Crypt:1)
  Sonja (Elf:1)
  25 merfolk
  A troll (shapeshifter) (Vaults:1)
  A baby alligator (shapeshifter) (Depths:4)
  A wind drake (shapeshifter) (Vaults:3)
  16 polar bears
  A hydra skeleton (Crypt:1)
  Prince Ribbit (D:8)
  6 boulder beetles
  6 ravens
  9 trolls
  2 queen bees
  31 slime creatures
  A wolf spider simulacrum (Crypt:1)
  An ice dragon zombie (Crypt:1)
  3 ravens (shapeshifter)
  A fire dragon zombie (Crypt:1)
  2 spectral orcs (Lair:7)
  7 snapping turtles
  5 flying skulls (Crypt:1)
  18 two-headed ogres
  83 yaks
  3 air elementals (Depths:4)
  2 basilisks
  A hog (shapeshifter) (Depths:4)
  A shadow (Crypt:1)
  9 humans (D:14)
  17 water elementals
  3 spriggans
  An ice dragon skeleton (Crypt:2)
  An alligator skeleton (Crypt:1)
  34 deep elf magi
  14 redbacks
  6 tarantellas
  3 vampires
  A basilisk (shapeshifter) (Vaults:3)
  3 steam dragons
  2 ynoxinuls (Orc:4)
  2 hogs (Snake:4)
  4 wyverns
  2 yaks (shapeshifter)
  38 deep elf fighters
  26 vampire mosquitoes
  5 wraiths
  Grum (Orc:1)
  18 hippogriffs
  A hippogriff (shapeshifter) (Vaults:1)
  79 nagas
  3 hungry ghosts
  A human (shapeshifter) (Vaults:1)
  31 water moccasins
  A neqoxec (Shoals:4)
  A soldier ant (D:12)
  6 wargs
  31 wolves
  5 swamp worms (D:11)
  3 hell hounds (Elf:2)
  18 porcupines
  A spider (shapeshifter) (D:15)
  A swamp drake (D:10)
  2 soldier ants (shapeshifter)
  8 sky beasts
  A human zombie (Vaults:2)
  46 orc warriors
  2 phantoms (Depths:4)
  An anubis guard zombie (Crypt:2)
  3 necrophages
  An ettin simulacrum (Vaults:3)
  A blink frog zombie (Crypt:2)
  A tengu (shapeshifter) (Depths:3)
  7 ice beasts
  14 centaurs
  32 ogres
  7 boggarts
  8 wasps
  13 crocodiles
  A hog zombie (Crypt:1)
  4 big kobolds
  A lost soul (Elf:3)
  3 small abominations (Depths:1)
  26 giant frogs
  A gnoll sergeant (D:11)
  4 brain worms (Depths:2)
  2 human skeletons (Vaults:3)
  A snapping turtle simulacrum (Crypt:1)
  2 wyvern skeletons
  5 scorpions
  46 killer bees
  An electric eel (D:14)
  A spriggan skeleton (Crypt:1)
  3 wights (D:5)
  9 crimson imps
  3 goliath beetles
  3 iron imps
  2 human simulacra
  2 quasits
  5 jellies
  A giant frog zombie (D:11)
  7 hounds
  4 lava snakes (Lair:7)
  10 iguanas
  37 orc priests
  29 hell rats
  49 orc wizards
  A demonspawn skeleton (Crypt:2)
  8 worker ants
  29 sheep
  A demigod skeleton (Crypt:2)
  6 gnolls
  19 adders
  49 river rats
  2 shadow imps
  2 giant mites
  A white imp (Depths:4)
  2 ufetubi
  18 worms
  A lava snake zombie (Crypt:2)
  5 giant geckos
  A giant gecko (shapeshifter) (Depths:3)
  246 orcs
  5 ball pythons
  A bat skeleton (D:5)
  6 giant cockroaches
  22 hobgoblins
  4 jackals
  14 quokkas
  23 bats
  A giant gecko zombie (D:6)
  4 giant newts
  A giant newt zombie (Crypt:1)
  A giant spore (D:9)
  26 goblins
  A jackal skeleton (D:7)
  32 kobolds
  2 quokka skeletons
  A quokka zombie (D:5)
  13 rats
  5 ballistomycetes
  A butterfly (Lair:4)
  17 fungi
  26 plants
  2 tentacles (Shoals:5)
2537 creatures vanquished.

Vanquished Creatures (collateral kills)
  Margery (Vaults:4)
  Saint Roka (Depths:1)
  Polyphemus (Shoals:4)
  A greater naga (Snake:5)
  A frost giant (IceCv)
  A vault warden (Vaults:3)
  A fire giant (Depths:2)
  Louise (Snake:2)
  2 ghouls (Crypt:1)
  A stone giant (Depths:4)
  2 vault guards (D:14)
  2 yaktaur captains
  2 hydras
  Harold (Lair:5)
  A naga warrior (Snake:5)
  An ogre mage (D:15)
  2 merfolk avatars
  A satyr (Shoals:4)
  A dancing weapon (Elf:2)
  A merfolk aquamancer (Shoals:4)
  The ghost of kober the Cleaver, an experienced DsWn of Okawaru (D:11)
  6 death yaks
  A deep troll shaman (Vaults:3)
  The ghost of hornqvist the Carver, an experienced DsCK of Xom (Lair:2)
  A hell knight (Vaults:4)
  A sea snake (Shoals:5)
  A storm dragon zombie (Crypt:1)
  A catoblepas (Lair:8)
  A flayed ghost (Depths:2)
  A wizard (D:14)
  A hill giant (D:10)
  2 ironbrand convokers (Vaults:4)
  2 necromancers
  A cyclops (D:15)
  3 manticores
  2 water nymphs (Shoals:3)
  2 ugly things (Vaults:3)
  A griffon (Shoals:3)
  A faun (shapeshifter) (Depths:2)
  A faun (Shoals:4)
  2 elephants (Lair:8)
  A phantasmal warrior (Depths:4)
  A naga mage (Snake:5)
  A siren (Shoals:2)
  A shining eye (shapeshifter) (D:10)
  3 yaktaurs (Depths:3)
  A kobold demonologist (D:15)
  A deep elf priest (Elf:1)
  9 merfolk
  A freezing wraith (Depths:4)
  4 water elementals
  2 polar bears (IceCv)
  A catoblepas zombie (Crypt:1)
  2 bog bodies (Crypt:1)
  4 blink frogs (Lair:8)
  4 slime creatures
  8 humans (D:14)
  An ettin skeleton (Crypt:2)
  2 hippogriffs
  2 deep elf fighters
  A water moccasin (Lair:2)
  A vampire mosquito (Vaults:3)
  A naga (Snake:5)
  A blink frog zombie (Crypt:1)
  5 centaurs
  3 killer bees (D:11)
  A sheep (Lair:8)
120 creatures vanquished.

Vanquished Creatures (others)
  2 vault wardens (Vaults:4)
  A very ugly thing (Depths:4)
  A vault guard (Vaults:4)
  An ettin (Shoals:4)
  A deep elf high priest (Elf:1)
  2 naga warriors (Snake:4)
  A centaur warrior (Depths:4)
  A deep troll (D:15)
  An orc knight (Depths:3)
  A mana viper (shapeshifter) (Depths:3)
  2 deep elf conjurers
  A necromancer (Crypt:1)
  7 air elementals
  2 ugly things (Depths:4)
  A guardian serpent (Snake:5)
  A naga mage (Snake:5)
  A yaktaur (Shoals:3)
  4 drowned souls (Shoals:5)
  A two-headed ogre (shapeshifter) (D:15)
  A troll (Depths:4)
  2 freezing wraiths
  8 water elementals
  10 fire elementals
  2 trapdoor spiders
  4 humans
  A wraith (Crypt:1)
  A deep elf fighter (Vaults:3)
  3 vampire mosquitoes
  A naga (Snake:5)
  A water moccasin (Lair:2)
  11 spiders
  2 orc warriors
  2 wasps
  An ice beast (IceCv)
  A boggart (Vaults:3)
  3 lost souls
  2 scorpions (Depths:4)
  8 killer bees
  3 goliath beetles
  A lava snake (Lair:7)
  18 worker ants
  A hell rat (Elf:1)
  2 river rats
  3 worms
  An orc (Depths:1)
  A giant spore (D:14)
  A butterfly (Shoals:4)
  19 eldritch tentacle segments (Depths:4)
  11 fungi
  4 plants
  6 tentacles (Shoals:5)
  20 tentacle segments (Shoals:5)
187 creatures vanquished.

Grand Total: 2844 creatures vanquished

Notes
Turn   | Place    | Note
--------------------------------------------------------------
     0 | D:1      | Chiseanne, the Mummy Monk, began the quest for the Orb.
     0 | D:1      | Reached XP level 1. HP: 18/18 MP: 1/1
   111 | D:1      | Reached XP level 2. HP: 16/24 MP: 2/2
   839 | D:2      | Reached XP level 3. HP: 29/29 MP: 3/3
  1542 | D:3      | HP: 1/30 [orc/flail of protection (9)]
  1967 | D:3      | Reached XP level 4. HP: 37/37 MP: 4/4
  2251 | D:3      | Found a radiant altar of Vehumet.
  2418 | D:3      | Reached skill level 4 in Fighting
  2734 | D:4      | Found a sparkling altar of Nemelex Xobeh.
  2783 | D:4      | Found a staircase to the Ecumenical Temple.
  2806 | Temple   | Entered the Ecumenical Temple
  2886 | Temple   | Became a worshipper of Gozag Ym Sagoz the Greedy
  2921 | D:4      | Reached XP level 5. HP: 24/42 MP: 5/5
  3143 | D:4      | Found a white marble altar of Elyvilon.
  3499 | D:5      | Entered Level 5 of the Dungeon
  3499 | D:5      | Noticed an ogre
  3516 | D:4      | Killed an ogre
  3516 | D:4      | Reached skill level 1 in Armour
  3666 | D:4      | Reached XP level 6. HP: 20/49 MP: 6/6
  4373 | D:5      | Noticed an ogre
  4384 | D:5      | Killed an ogre
  4384 | D:5      | Reached skill level 5 in Fighting
  4384 | D:5      | Reached skill level 5 in Dodging
  4384 | D:5      | Reached XP level 7. HP: 38/56 MP: 7/7
  6008 | D:7      | Reached skill level 6 in Dodging
  6168 | D:7      | Reached XP level 8. HP: 25/63 MP: 8/8
  6373 | D:7      | Found a burning altar of Makhleb.
  7003 | D:8      | Got a slimy ring mail
  7035 | D:7      | Identified the +5 ring mail of Anikerot {rElec rF+ rN+ MR+ Dex+2} (You found it on level 8 of the Dungeon)
  7064 | D:8      | Noticed Prince Ribbit
  7070 | D:8      | Reached skill level 7 in Dodging
  7108 | D:8      | Killed Prince Ribbit
  7108 | D:8      | Reached skill level 5 in Armour
  7108 | D:8      | Reached XP level 9. HP: 51/69 MP: 9/9
  7309 | D:8      | Reached skill level 8 in Dodging
  7567 | D:8      | Found a staircase to the Lair.
  7590 | D:8      | Noticed a troll
  7598 | D:8      | Killed a troll
  7677 | D:8      | Noticed a queen bee
  7686 | D:8      | Killed a queen bee
  7686 | D:8      | Reached skill level 9 in Dodging
  7811 | D:8      | Found a glowing silver altar of Zin.
  7814 | D:8      | Found a sacrificial altar of Ru.
  7817 | D:8      | Found a bloodstained altar of Trog.
  8001 | D:8      | Found a blossoming altar of Fedhas.
  8027 | D:8      | Reached XP level 10. HP: 71/79 MP: 10/10
  8063 | D:8      | Noticed an oklob plant
  8454 | Lair:1   | Entered Level 1 of the Lair of Beasts
  8793 | Lair:1   | Reached skill level 10 in Dodging
  8926 | Lair:1   | HP: 3/80 [komodo dragon (18)]
 10003 | Lair:2   | Reached XP level 11. HP: 81/87 MP: 11/11
 10036 | Lair:2   | Noticed an eight-headed hydra
 10974 | D:10     | Entered Level 10 of the Dungeon
 11034 | D:10     | Noticed a hill giant
 11047 | D:10     | Killed a hill giant
 11047 | D:10     | Reached skill level 1 in Evocations
 11086 | D:10     | Noticed a hill giant
 11108 | D:10     | Killed a hill giant
 11402 | D:10     | Found Awilatimo's Gadget Shop.
 11413 | D:10     | Bought a lamp of fire for 560 gold pieces
 11413 | D:10     | Bought a sack of spiders for 280 gold pieces
 11465 | D:10     | Noticed a death drake
 11465 | D:10     | a manticore changed into a death drake
 11472 | D:10     | a death drake changed into a water nymph
 11484 | D:10     | Noticed a sea snake
 11484 | D:10     | a water nymph changed into a sea snake
 11498 | D:10     | a sea snake changed into a shining eye
 11801 | D:10     | Reached skill level 10 in Fighting
 12122 | D:10     | Found a staircase to the Orcish Mines.
 12650 | Orc:1    | Entered Level 1 of the Orcish Mines
 13359 | Orc:1    | Noticed Grum
 13380 | Orc:1    | Killed Grum
 13848 | Orc:1    | Found Yhaum's Food Emporium.
 14038 | Orc:3    | Noticed an orc high priest
 14038 | Orc:3    | Noticed a deep elf summoner
 14038 | Orc:3    | Noticed an orc warlord
 14196 | D:11     | Reached XP level 12. HP: 97/97 MP: 19/19
 14271 | D:11     | Found a stormy altar of Qazlal.
 14299 | D:11     | Noticed kober's ghost (experienced DsWn)
 14529 | D:11     | Noticed a hill giant
 14544 | D:11     | Killed a hill giant
 14698 | D:11     | Found Gail's Antique Armour Shoppe.
 14781 | D:11     | Bought a translucent shield for 218 gold pieces
 14786 | D:11     | Identified the +3 shield of the Hidden Souls {MR- Int+6} (You bought it in a shop on level 11 of the Dungeon)
 14791 | D:11     | Bought a glowing helmet for 103 gold pieces
 14940 | D:11     | Killed kober's ghost
 14940 | D:11     | Reached skill level 10 in Armour
 15080 | D:11     | Reached skill level 1 in Shields
 15080 | D:11     | Reached skill level 5 in Evocations
 15099 | D:11     | Noticed an unseen horror
 15121 | D:11     | Killed an unseen horror
 15641 | D:11     | Bought an amethyst-encrusted ring mail for 207 gold pieces
 15641 | D:11     | Bought a warped troll leather armour for 460 gold pieces
 15652 | D:11     | Identified the +2 ring mail of a Thousand Planets {rF- rC- rN+ Regen+ Dex+4} (You bought it in a shop on level 11 of the Dungeon)
 15665 | D:11     | Identified the -6 troll leather armour "Xoniklit" {rPois Regen+ Int+3} (You bought it in a shop on level 11 of the Dungeon)
 16076 | D:12     | Reached skill level 5 in Shields
 17073 | D:13     | Noticed a centaur warrior
 17117 | D:13     | Killed a centaur warrior
 17117 | D:13     | Reached XP level 13. HP: 33/103 MP: 22/22
 17511 | D:13     | Noticed a four-headed hydra
 17534 | D:13     | Killed a four-headed hydra
 17674 | D:13     | Noticed a centaur warrior
 17693 | D:13     | Killed a centaur warrior
 18211 | D:14     | Found Xufemauc's Antique Weapon Shoppe.
 18215 | D:14     | Bought a crude mace for 168 gold pieces
 18246 | D:14     | Identified the +5 mace "Khao" {drain, MR+ MP+9 Str+4} (You bought it in a shop on level 14 of the Dungeon)
 18288 | D:14     | Bought a runed eveningstar for 315 gold pieces
 19095 | D:14     | Reached skill level 10 in Shields
 19163 | D:14     | Found a gate to the Vaults.
 19234 | D:15     | Entered Level 15 of the Dungeon
 19350 | D:15     | Noticed Nessos
 19354 | D:15     | Reached skill level 1 in Axes
 19374 | D:15     | Killed Nessos
 19407 | D:15     | Found a staircase to the Depths.
 19577 | D:15     | Found Neunk's Assorted Antiques.
 19580 | D:15     | Bought a scroll labeled SMUEDGH SIASSUNLA for 35 gold pieces
 19669 | D:15     | Noticed Urug
 19681 | D:15     | Killed Urug
 19816 | D:15     | Reached XP level 14. HP: 110/110 MP: 25/25
 20603 | Lair:2   | Noticed hornqvist's ghost (experienced DsCK)
 20618 | Lair:2   | Paralysed by hornqvist's ghost for 2 turns
 20639 | Lair:2   | Killed hornqvist's ghost
 21081 | Lair:2   | Killed a seven-headed hydra
 21690 | Lair:3   | Reached skill level 5 in Axes
 21866 | Lair:3   | Reached skill level 1 in Long Blades
 23038 | Lair:4   | Found a basalt altar of Yredelemnul.
 23039 | Lair:4   | Noticed Maud
 23061 | Lair:4   | Killed Maud
 23083 | Lair:4   | Noticed Fannar
 23112 | Lair:4   | Killed Fannar
 24424 | Lair:5   | Found a staircase to the Shoals.
 24630 | Lair:5   | Noticed Harold
 24640 | Lair:5   | Killed Harold
 24869 | Lair:6   | Found a frozen archway.
 24908 | Lair:6   | Reached skill level 10 in Evocations
 24934 | IceCv    | Entered an ice cave
 25253 | IceCv    | Reached skill level 5 in Long Blades
 25499 | IceCv    | Reached XP level 15. HP: 86/115 MP: 28/28
 25591 | IceCv    | Noticed a frost giant
 25602 | IceCv    | Killed a frost giant
 26340 | Lair:6   | Found a staircase to the Snake Pit.
 27104 | Lair:7   | Reached skill level 11 in Shields
 27369 | Lair:7   | Noticed Nergalle
 27424 | Lair:7   | Killed Nergalle
 28090 | Lair:8   | Entered Level 8 of the Lair of Beasts
 28479 | Lair:8   | Learned a level 2 spell: Blink
 28482 | Lair:8   | Learned a level 2 spell: Repel Missiles
 28652 | Lair:8   | Reached skill level 12 in Shields
 29725 | Lair:8   | Identified a +0 pair of boots of running (You found it on level 8 of the Lair of Beasts)
 29902 | Lair:8   | Reached skill level 13 in Shields
 30187 | Lair:8   | Found a staircase to the Slime Pits.
 31214 | Snake:1  | Entered Level 1 of the Snake Pit
 31814 | Snake:1  | Reached XP level 16. HP: 108/122 MP: 29/29
 32971 | Snake:2  | Found Kiotin's Assorted Antiques.
 32977 | Snake:2  | Bought the +3 pair of gauntlets of War {Slay+5} for 1425 gold pieces
 32990 | Snake:2  | Bought a bronze ring for 150 gold pieces
 32990 | Snake:2  | Bought a scroll of identify for 60 gold pieces
 32990 | Snake:2  | Bought a runed broad axe for 120 gold pieces
 33268 | Snake:2  | Noticed Louise
 33275 | Snake:2  | Killed Louise
 34152 | Snake:3  | You fall through a shaft!
 34293 | Snake:4  | Noticed Kirke
 34311 | Snake:4  | Killed Kirke
 34488 | Snake:4  | Noticed Agnes
 34555 | Snake:4  | Killed Agnes
 34684 | Snake:4  | Noticed Roxanne
 35235 | Snake:5  | Entered Level 5 of the Snake Pit
 35236 | Snake:5  | Noticed Aizul
 35261 | Snake:5  | Killed Aizul
 35271 | Snake:5  | Reached skill level 10 in Axes
 35337 | Snake:5  | Found a runed door.
 35562 | Snake:5  | Reached XP level 17. HP: 50/129 MP: 30/30
 37340 | Snake:5  | Got a serpentine rune of Zot
 37852 | Snake:5  | Reached skill level 14 in Axes
 38927 | Orc:2    | Noticed Erica
 38941 | Orc:2    | Killed Erica
 38949 | Orc:2    | Noticed Gastronok
 38963 | Orc:2    | Killed Gastronok
 39265 | Orc:3    | Reached XP level 18. HP: 133/136 MP: 31/31
 39681 | Orc:3    | Killed an orc warlord
 39712 | Orc:3    | Killed an orc high priest
 39729 | Orc:3    | Got a fine chain mail
 39778 | Orc:3    | Killed a deep elf summoner
 39915 | Orc:3    | Identified the +3 chain mail "Fraghet" {rElec} (You found it on level 3 of the Orcish Mines)
 39947 | Orc:4    | Entered Level 4 of the Orcish Mines
 40129 | Orc:4    | Noticed Joseph
 40147 | Orc:4    | Killed Joseph
 40526 | Orc:4    | Found Osibet's Armour Boutique.
 40615 | Orc:4    | Found a staircase to the Elven Halls.
 40950 | Orc:4    | Reached skill level 15 in Axes
 40959 | Orc:4    | Found Cakh's General Store.
 40959 | Orc:4    | Found Plielog's Jewellery Shop.
 41079 | Orc:4    | Found Xayblel's Antique Armour Shop.
 41108 | Orc:4    | Found Jeroaki's Antique Weapon Boutique.
 41113 | Orc:4    | Bought a scroll of silence for 90 gold pieces
 41113 | Orc:4    | Bought a scroll of identify for 24 gold pieces
 41113 | Orc:4    | Bought a scroll of fog for 24 gold pieces
 41114 | Orc:4    | Bought a cursed -4 ring of protection for 26 gold pieces
 41713 | Vaults:1 | Entered Level 1 of the Vaults
 43409 | Vaults:2 | Found Schyzacey's Jewellery Shop.
 43425 | Vaults:2 | Bought the ring "Peaqoch" {Wiz Dex+7} for 672 gold pieces
 43473 | Vaults:2 | Reached skill level 16 in Axes
 44113 | Vaults:2 | Found a staircase to the Crypt.
 44219 | Vaults:2 | Reached XP level 19. HP: 123/146 MP: 32/32
 44645 | Vaults:3 | Found Dumuv's Armour Boutique.
 45108 | Vaults:3 | Reached skill level 17 in Axes
 46020 | Vaults:3 | Found Malej's Antique Weapon Boutique.
 46162 | Vaults:4 | Found Zebido's Jewellery Emporium.
 46466 | Vaults:4 | Noticed Margery
 46489 | Vaults:4 | Killed Margery
 46825 | Vaults:4 | Reached skill level 18 in Axes
 46884 | Vaults:4 | Noticed Mennas
 46923 | Vaults:4 | Reached XP level 20. HP: 63/158 MP: 32/32
 47245 | Crypt:1  | Entered Level 1 of the Crypt
 48476 | Crypt:2  | Noticed Mara
 48495 | Crypt:2  | Noticed Chiseanne's illusion
 48999 | Crypt:2  | Noticed Chiseanne's illusion
 49015 | Crypt:2  | Killed Mara
 49027 | Crypt:2  | Noticed Chiseanne's illusion
 49235 | Crypt:2  | Noticed Jory
 49287 | Crypt:2  | Killed Jory
 49558 | Crypt:2  | Noticed Boris
 49592 | Crypt:2  | Killed Boris
 49601 | Crypt:2  | Reached skill level 15 in Fighting
 50103 | Depths:1 | Entered Level 1 of the Depths
 50103 | Depths:1 | Found Fraecw's Distillery.
 50186 | Depths:1 | Found Jiahiole's Book Shop.
 50222 | Depths:1 | Found Thianogo's Jewellery Shop.
 50246 | Depths:1 | Bought a cursed amulet of inaccuracy for 44 gold pieces
 50313 | Depths:1 | Found Zudehatous' Food Shop.
 50423 | Depths:1 | Found Jix Sumiamm's General Store.
 50477 | Depths:1 | Found a sparkling altar of Nemelex Xobeh.
 50514 | Depths:1 | Found a gateway to Hell.
 50520 | Depths:1 | Drew Focus: Str increased to 20, Int decreased to 8
 50534 | Depths:1 | Reached skill level 15 in Shields
 50732 | Depths:1 | Found Chah's Weapon Boutique.
 50759 | Depths:1 | Noticed Saint Roka
 50782 | Depths:1 | Killed Saint Roka
 51019 | Depths:1 | Identified a +1 rod of the swarm (4/14) (You took it off a frost giant on level 1 of the Depths)
 51368 | Depths:2 | Found Suprimmo's Gadget Shoppe.
 51377 | Depths:2 | Reached XP level 21. HP: 164/170 MP: 33/33
 51383 | Depths:2 | Bought a +2 lightning rod (11/11) for 1080 gold pieces
 51383 | Depths:2 | Bought a +2 rod of destruction (10/10) for 1020 gold pieces
 51383 | Depths:2 | Bought a +3 rod of clouds (14/14) for 1284 gold pieces
 51442 | Depths:2 | Found a one-way gate to the infinite horrors of the Abyss.
 51460 | Depths:2 | Got a crude morningstar
 51461 | Depths:2 | Identified the +9 morningstar of a bailey {drain, rC- rN+ Int+3 Dex+3 Stlth+} (You found it on level 2 of the Depths)
 51720 | Depths:2 | Found a large runed door.
 51898 | Depths:2 | Got a twisted large shield
 51988 | Depths:2 | Identified the +1 large shield of Unambiguity {+Fly rElec MR+ Int-2} (You took it off a wizard on level 2 of the Depths)
 52009 | Depths:2 | Found a large runed door.
 52012 | Depths:2 | Found a large runed door.
 52017 | Depths:2 | Found a large runed door.
 52146 | Depths:2 | Found a large runed door.
 52587 | Depths:2 | Found a large runed door.
 52591 | Depths:2 | Found a large runed door.
 52676 | Depths:2 | Found a large runed door.
 53325 | Elf:1    | Entered Level 1 of the Elven Halls
 53637 | Elf:1    | Identified Xiahy's Papyrus of Illusion
 53684 | Elf:1    | Found Thulo's Antique Weapon Emporium.
 53717 | Elf:1    | Noticed Sonja
 53718 | Elf:1    | Killed Sonja
 54051 | Elf:1    | Found Bloeprop's Jewellery Boutique.
 54261 | Elf:1    | Noticed Asterion
 54277 | Elf:1    | Killed Asterion
 54530 | Elf:2    | Learned a level 1 spell: Apportation
 54535 | Elf:2    | Found Durrug's Book Shop.
 54551 | Elf:2    | Noticed Azrael
 54571 | Elf:2    | Killed Azrael
 54685 | Elf:2    | Found a runed gate.
 54686 | Elf:2    | Found a runed gate.
 54687 | Elf:2    | Found a runed gate.
 55620 | Elf:2    | Reached skill level 15 in Evocations
 55834 | Elf:2    | Noticed Snorg
 55844 | Elf:2    | Killed Snorg
 55936 | Elf:3    | Entered Level 3 of the Elven Halls
 55936 | Elf:3    | Found Furuoc's Jewellery Shoppe.
 56088 | Elf:3    | Reached XP level 22. HP: 165/178 MP: 36/36
 56854 | Elf:3    | Identified a scroll of acquirement
 57020 | Elf:3    | Got a distressingly furry helmet
 57036 | Elf:3    | Identified the +0 helmet of the Bard {Stlth+} (You found it on level 3 of the Elven Halls)
 57157 | Elf:3    | Identified the Volume of Aid
 57287 | Elf:3    | Got a smoking trident
 57293 | Elf:3    | Got a translucent halberd
 57296 | Elf:3    | Got a jewelled hand axe
 57676 | Lair:1   | Identified the +6 halberd "Chegucil" {flame, +Rage rPois rC-} (You took it off a deep elf demonologist on level 3 of the Elven Halls)
 57680 | Lair:1   | Identified the +5 hand axe of the Dragonfly {flame, rN++} (You took it off a deep elf annihilator on level 3 of the Elven Halls)
 57683 | Lair:1   | Identified the +9 trident of Slow Death {elec, rN+ Int+2} (You took it off a deep elf death mage on level 3 of the Elven Halls)
 57760 | Lair:1   | Upgraded the game from 0.16-a0-4108-g6e49b0d to 0.16-a0-4123-g49b462e
 57957 | Shoals:1 | Entered Level 1 of the Shoals
 58434 | Shoals:1 | Found a shattered altar of Ashenzari.
 58850 | Shoals:2 | Found Sahaegiu's Gadget Shop.
 58883 | Shoals:2 | Bought a +8 rod of shadows (14/14) for 1601 gold pieces
 60352 | Shoals:4 | Noticed Ilsuiw
 60361 | Shoals:4 | Noticed Jorgrun
 60372 | Shoals:4 | Killed Ilsuiw
 60382 | Shoals:4 | Killed Jorgrun
 60414 | Shoals:4 | Noticed Polyphemus
 60484 | Shoals:4 | Killed Polyphemus
 60853 | Shoals:4 | Noticed Frances
 60872 | Shoals:4 | Killed Frances
 60944 | Shoals:5 | Entered Level 5 of the Shoals
 60948 | Shoals:5 | Noticed Wiglaf
 60982 | Shoals:5 | Killed Wiglaf
 62202 | Shoals:5 | Got a dazzling scale mail
 62495 | Shoals:5 | Got a barnacled rune of Zot
 63058 | Lair:1   | Identified the -6 scale mail "Groef" {rN+ rCorr MP+9 Str+5 Dex-4} (You found it on level 5 of the Shoals)
 63407 | Depths:2 | Reached XP level 23. HP: 185/185 MP: 38/38
 64223 | Depths:3 | Found a gateway to a ziggurat.
 64601 | Depths:3 | Found a one-way gate leading to the halls of Pandemonium.
 64988 | Depths:4 | Found Timiov's Jewellery Shop.
 64992 | Depths:4 | Bought the amulet of Vitality {Regen+ HP+15} for 888 gold pieces
 64992 | Depths:4 | Bought an uncursed ring of protection from magic for 600 gold pieces
 64992 | Depths:4 | Bought an uncursed ring of magical power for 480 gold pieces
 65795 | Depths:4 | Identified a +2 rod of ignition (9/9) (You took it off a vampire knight on level 3 of the Depths)
 66093 | Depths:4 | Noticed an ancient lich
 66163 | Depths:4 | Blown up by an ancient lich

Action                   |  1- 3 |  4- 6 |  7- 9 | 10-12 | 13-15 | 16-18 | 19-21 | 22-24 || total
-------------------------+-------+-------+-------+-------+-------+-------+-------+-------++-------
Melee: Unarmed           |   156 |       |       |       |       |       |       |     5 ||   161
       Long sword        |    37 |       |       |       |       |       |       |       ||    37
       Flail             |     8 |   245 |   192 |   333 |   164 |       |       |       ||   942
       Dagger            |       |       |   230 |    61 |       |       |       |       ||   291
       War axe           |       |       |   152 |  1062 |  1917 |   137 |   464 |       ||  3732
       Mace              |       |       |       |       |   145 |       |       |       ||   145
       Scimitar          |       |       |       |       |   127 |       |       |       ||   127
       Broad axe         |       |       |       |       |       |  1702 |  1592 |   996 ||  4290
 Fire: Blowgun           |       |       |       |       |    12 |       |       |       ||    12
Throw: Tomahawk          |       |       |       |     1 |     1 |       |       |       ||     2
       Throwing net      |       |       |       |       |     1 |       |       |       ||     1
       Javelin           |       |       |       |       |       |       |       |     1 ||     1
Invok: Call Merchant     |       |       |       |     3 |     4 |     2 |       |     2 ||    11
 Abil: Evoke Flight      |       |       |       |       |       |       |     1 |       ||     1
Evoke: Wand              |       |       |     8 |    20 |    55 |    14 |    22 |     5 ||   124
       Sack of spiders   |       |       |       |     7 |     5 |       |       |       ||    12
       Lamp of fire      |       |       |       |     2 |     7 |     4 |     6 |       ||    19
       Phial of floods   |       |       |       |     1 |     7 |     3 |     6 |       ||    17
       Fan of gales      |       |       |       |       |     5 |     1 |     3 |       ||     9
       Deck              |       |       |       |       |       |       |     4 |       ||     4
       Rod               |       |       |       |       |       |       |    42 |   111 ||   153
  Use: Scroll            |     7 |     1 |     3 |     8 |    11 |    12 |    17 |    13 ||    72
 Stab: Paralysed         |       |       |     6 |     3 |    16 |       |       |       ||    25
       Distracted        |       |       |     2 |     6 |    17 |    18 |    18 |     8 ||    69
       Confused          |       |       |       |     1 |       |       |     3 |       ||     4
       Petrified         |       |       |       |       |     3 |       |       |       ||     3
       Petrifying        |       |       |       |       |     1 |       |       |       ||     1
